 Dungeon Sprint DCSS version 0.24.1-14-gf8d2b509d9 (webtiles) character file.

Game seed: 12454972455964032080, levelgen mode: deterministic

8229 Hugehornet the Martial Artist (level 11, 0/80 HPs)
             Began as an Octopode Transmuter on May 17, 2020.
             Was the Champion of Cheibriados.
             Slain by a necrophage (5 damage)
             ... in the Dungeon (Sprint I: "Red Sonja").
             The game lasted 00:07:34 (1417 turns).

Hugehornet the Martial Artist (Octopode Transmuter) Turns: 1417, Time: 00:07:34

Health: 0/80       AC: -7    Str: 26    XL:     11   Next: 27%
Magic:  20/21      EV: 23    Int: 33    God:    Cheibriados [******]
Gold:   929        SH:  0    Dex: 25    Spells: 12/27 levels left

rFire    . . .     SeeInvis .     - Unarmed
rCold    + . .     Gourm    .   (shield currently unavailable)
rNeg     . . .     Faith    .   (helmet restricted)
rPois    .         Spirit   .   (no amulet)
rElec    .         Reflect  .   k - ring of protection from cold
rCorr    .         Harm     .   (no ring)
MR       .....     Rnd*Rage +   (no ring) Stlth +++++++...NoTele +
                                (no ring)
HPRegen  0.00/turn              (no ring)
MPRegen  0.17/turn              (no ring)
                                (no ring)
                                (no ring)

@: blade tentacles, corroded, very slow
A: almost no armour, stealthy swim, amphibious, 8 rings, constrict 8, camouflage
1, berserk 1, clumsy 1, low mp 1, screaming 2, inhibited regeneration,
gelatinous body 1
a: End Transformation, Bend Time, Temporal Distortion, Slouch, Step From Time,
Renounce Religion


You were in the Dungeon.
You worshipped Cheibriados.
Cheibriados was exalted by your worship.
You were not hungry.
You had blades for tentacles.
You visited 1 branch You collected 1042 gold pieces.
You spent 113 gold pieces at shops.

Inventory:

Missiles
 a - 52 arrows
Armour
 o - a +0 buckler (melded)
Jewellery
 k - a ring of protection from cold (left scythe-like blade)
Wands
 m - a wand of disintegration (13)
Scrolls
 b - a scroll of remove curse {unknown}
 h - a scroll of identify {unknown}
 i - a scroll of blinking
 l - a scroll of random uselessness {unknown}
Potions
 d - 5 potions of curing
 e - a potion of heal wounds
 f - a potion of degeneration {unknown}
 g - 2 potions of magic
 j - a potion of brilliance {unknown}
 n - a potion of ambrosia {unknown}
Comestibles
 c - 2 rations


   Skills:
 + Level 9.4 Fighting
 + Level 9.7 Dodging
 + Level 12.7 Stealth
 - Level 4.0 Shields
 * Level 13.2 Unarmed Combat
 + Level 8.8 Spellcasting
 * Level 13.0 Transmutations
 + Level 6.9 Invocations


You had 12 spell levels left.
You knew the following spells:

 Your Spells              Type           Power        Failure   Level  Hunger
a - Beastly Appendage     Tmut           ######       3%          1    None
b - Sticks to Snakes      Tmut           #######.     4%          2    None
c - Spider Form           Tmut/Pois      ######....   13%         3    None
d - Ice Form              Ice/Tmut       ######..     22%         4    None
e - Blade Hands           Tmut           #######...   11%         5    ###....

Your spell library contained the following spells:

 Spells                   Type           Power        Failure   Level  Hunger


Dungeon Overview and Level Annotations

Branches:
Dungeon (1/1)

Altars:
Cheibriados
Dithmenos
Elyvilon
Fedhas
Gozag
Hepliaklqana
Kikubaaqudgha
Makhleb
Nemelex Xobeh
Okawaru
Qazlal
Ru
Sif Muna
Trog
Uskayaw
Vehumet
Wu Jian
Xom
Yredelemnul
Zin
The Shining One
Jiyva
Lugonu

Shops:
D %(}}:[[


Innate Abilities, Weirdness & Mutations

You cannot wear most types of armour.
You are very stealthy in the water. (Stealth+)
You are amphibious.
You can wear up to eight rings at the same time.
You can use your tentacles to constrict eight enemies at once.
Your skin changes colour to match your surroundings (Stealth+).
Your rubbery body absorbs attacks. (AC +1, EV +1)
You tend to lose your temper in combat.
You are clumsy. (Dex -2)
Your magical capacity is low. (-10% MP)
You sometimes yell uncontrollably at your foes.
You do not regenerate when monsters are visible.


Message History

You shred the jelly!!!
You kill the jelly!
Cheibriados appreciates the change of pace.
The jelly hits you.
You are splashed with acid!
The jelly hits you. The acid corrodes you!
You are splashed with acid!
The jelly misses you.
You hear a slurping noise.
The jelly eats the door!
The jelly hits you.
* * * LOW HITPOINT WARNING * * *
You are splashed with acid!
* * * LOW HITPOINT WARNING * * *
The jelly completely misses you. The necrophage closely misses you.
The jelly jiggles.
The jelly hits you.
* * * LOW HITPOINT WARNING * * *
The acid corrodes you!
You are splashed with acid!
* * * LOW HITPOINT WARNING * * *
The necrophage closely misses you. x2; The necrophage barely misses you.
The necrophage hits you.
You die...

..__##_.#'##§#####'###
____###'#.#....###.'.#
#######.####'###[###.#
.....'.!.'..[..'.∩##.#
''####.).###########§#
...####.###... #§#
....#.#'#.#.{. +§#
....#.....#+nn######§#
....#.(...#..nJn@§§#§#
.#..#######...Jnn§#§§#
....# [$?.....n§§####
....# (?%.......§≈#
....# #.......≈≈≈##
''### ###..≈≈≈≈###
...∩# +######+ ....#
...∩#


You could see 7 necrophages and 2 jellies.

Vanquished Creatures
  2 centaur warriors (D)
  Sonja (D)
  A deep troll (D)
  An oklob plant (D)
  8 shining eyes (D)
  2 kobold demonologists (D)
  A hornet (D)
  A slime creature (D)
  Sigmund (D)
  2 redbacks (D)
  A yak (D)
  6 floating eyes (D)
  An ogre (D)
  5 jellies (D)
  Ijyb (D)
34 creatures vanquished.

Vanquished Creatures (collateral kills)
  A ballistomycete spore (D)
1 creature vanquished.

Vanquished Creatures (others)
  A gargoyle (D)
  A ballistomycete spore (D)
2 creatures vanquished.

Grand Total: 37 creatures vanquished

Notes
Turn   | Place    | Note
-------+----------+-------------------------------------------
     0 | D        | Hugehornet the Octopode Transmuter began the quest for the
                  | Orb.
     0 | D        | Reached XP level 1. HP: 13/13 MP: 3/3
     2 | D        | Noticed Ijyb
    18 | D        | Killed Ijyb
    18 | D        | Reached XP level 2. HP: 18/19 MP: 3/5
    18 | D        | Reached XP level 3. HP: 23/24 MP: 3/6
    22 | D        | Learned a level 2 spell: Sticks to Snakes
    26 | D        | Learned a level 3 spell: Spider Form
    60 | D        | Noticed an ogre
    66 | D        | Killed an ogre
    66 | D        | Reached skill level 5 in Unarmed Combat
    66 | D        | Reached skill level 5 in Transmutations
    66 | D        | Reached XP level 4. HP: 31/31 MP: 3/9
   127 | D        | Noticed Sigmund
   134 | D        | Killed Sigmund
   134 | D        | Reached XP level 5. HP: 37/37 MP: 1/11
   134 | D        | Reached XP level 6. HP: 43/43 MP: 1/12
   236 | D        | Learned a level 4 spell: Ice Form
   237 | D        | Found an ornate altar of the Wu Jian Council.
   237 | D        | Found a shimmering blue altar of Sif Muna.
   239 | D        | Found a radiant altar of Vehumet.
   245 | D        | Reached skill level 5 in Dodging
   356 | D        | Found Sasint's Gadget Emporium.
   356 | D        | Found an ancient bone altar of Kikubaaqudgha.
   356 | D        | Found a hazy altar of Hepliaklqana.
   356 | D        | Found a stormy altar of Qazlal.
   356 | D        | Found a hide-covered altar of Uskayaw.
   356 | D        | Found a blossoming altar of Fedhas.
   356 | D        | Found a bloodstained altar of Trog.
   356 | D        | Found an iron altar of Okawaru.
   356 | D        | Found a basalt altar of Yredelemnul.
   356 | D        | Found a glowing golden altar of the Shining One.
   356 | D        | Found a snail-covered altar of Cheibriados.
   356 | D        | Found a sacrificial altar of Ru.
   356 | D        | Found a glowing silver altar of Zin.
   356 | D        | Found a shadowy altar of Dithmenos.
   356 | D        | Found a white marble altar of Elyvilon.
   356 | D        | Noticed a yak
   357 | D        | Found an opulent altar of Gozag.
   366 | D        | Killed a yak
   366 | D        | Reached skill level 5 in Fighting
   366 | D        | Reached XP level 7. HP: 30/50 MP: 10/14
   367 | D        | Found a sparkling altar of Nemelex Xobeh.
   373 | D        | Became a worshipper of Cheibriados the Contemplative
   504 | D        | Noticed Sonja
   511 | D        | Killed Sonja
   511 | D        | Reached skill level 5 in Spellcasting
   511 | D        | Reached XP level 8. HP: 31/57 MP: 11/16
   682 | D        | Learned a level 5 spell: Blade Hands
   699 | D        | Found Aniyhyty's Food Boutique.
   767 | D        | Noticed a deep troll
   771 | D        | Killed a deep troll
   771 | D        | Reached * piety under Cheibriados
   771 | D        | Reached skill level 10 in Unarmed Combat
   799 | D        | Found Ynaanypt's Armour Emporium.
   805 | D        | Bought a +0 buckler for 58 gold pieces
   814 | D        | Noticed a centaur warrior
   814 | D        | Noticed a centaur warrior
   818 | D        | Killed a centaur warrior
   818 | D        | Reached skill level 10 in Stealth
   818 | D        | Reached skill level 10 in Transmutations
   818 | D        | Reached XP level 9. HP: 50/64 MP: 13/19
   822 | D        | Killed a centaur warrior
   822 | D        | Reached ** piety under Cheibriados
   977 | D        | Noticed a shining eye
   977 | D        | Noticed a shining eye
   977 | D        | Noticed a shining eye
   991 | D        | Found a viscous altar of Jiyva.
   991 | D        | Found a corrupted altar of Lugonu.
   993 | D        | Found a burning altar of Makhleb.
   993 | D        | Found a shimmering altar of Xom.
  1034 | D        | Noticed a kobold demonologist
  1035 | D        | Noticed a kobold demonologist
  1038 | D        | Killed a kobold demonologist
  1038 | D        | Reached XP level 10. HP: 72/72 MP: 14/21
  1043 | D        | Killed a kobold demonologist
  1043 | D        | Reached *** piety under Cheibriados
  1101 | D        | Bought a ration for 55 gold pieces
  1142 | D        | Paralysed by a floating eye for 2 turns
  1172 | D        | Noticed a shining eye
  1172 | D        | Noticed a shining eye
  1172 | D        | Noticed a shining eye
  1174 | D        | Gained mutation: You occasionally shout uncontrollably at
                  | your foes. [a shining eye]
  1182 | D        | Gained mutation: Your magical capacity is low. (-10% MP) [a
                  | shining eye]
  1186 | D        | Killed a shining eye
  1190 | D        | Killed a shining eye
  1190 | D        | Reached **** piety under Cheibriados
  1190 | D        | Reached skill level 5 in Invocations
  1241 | D        | Killed a gargoyle
  1250 | D        | Noticed a shining eye
  1250 | D        | Noticed a shining eye
  1251 | D        | Paralysed by a floating eye for 4 turns
  1251 | D        | Gained mutation: You are clumsy. (Dex -2) [a shining eye]
  1254 | D        | Gained mutation: You sometimes yell uncontrollably at your
                  | foes. [a shining eye]
  1256 | D        | Paralysed by a floating eye for 2 turns
  1260 | D        | Paralysed by a floating eye for 2 turns
  1264 | D        | Gained mutation: You do not regenerate when monsters are
                  | visible. [a shining eye]
  1265 | D        | Paralysed by a floating eye for 4 turns
  1270 | D        | Killed a shining eye
  1272 | D        | Reached ***** piety under Cheibriados
  1277 | D        | Killed a shining eye
  1280 | D        | Gained mutation: You tend to lose your temper in combat. [a
                  | shining eye]
  1281 | D        | Killed a shining eye
  1285 | D        | Killed a shining eye
  1287 | D        | Killed a shining eye
  1287 | D        | Reached XP level 11. HP: 80/80 MP: 21/21
  1301 | D        | Killed a shining eye
  1305 | D        | Found Xusoin's Book Shop.
  1305 | D        | Found Aprin's Antique Weapon Shoppe.
  1305 | D        | Found Esavys's Antique Armour Boutique.
  1305 | D        | Found Voes's Gadget Emporium.
  1362 | D        | Noticed an oklob plant
  1365 | D        | Killed an oklob plant
  1365 | D        | Reached ****** piety under Cheibriados
  1417 | D        | Slain by a necrophage

Levels and vault maps discovered:
D:        dungeon_sprint_1 [red_sonja_temple_1, red_sonja_temple_small_1]

Skill      XL: |  1  2  3  4  5  6  7  8  9 10 11 |
---------------+----------------------------------+-----
Fighting       | 2 3 4 5 6 7 9 |  9.4
Stealth        | 2 4 6 7 8 10 12 | 12.7
Unarmed Combat | 4 5 6 7 9 10 11 12 13 | 13.2
Transmutations | 3 5 6 7 9 10 11 12 13 | 13.0
Dodging        | 3 4 5 6 7 8 9 |  9.7
Spellcasting   | 3 4 5 6 7 8 |  8.8
Shields        | 2 3 4 |  4.0
Invocations    | 2 4 6 |  6.9

Action                   |  1- 3 |  4- 6 |  7- 9 | 10-12 || total
-------------------------+-------+-------+-------+-------++-------
Melee: Unarmed           |    17 |    16 |    16 |    42 ||    91
       Kick              |     4 |     1 |       |     1 ||     6
       Tentacles         |     3 |     1 |       |    11 ||    15
       Constrict         |     1 |       |       |    13 ||    14
       Punch             |       |       |       |     5 ||     5
 Cast: Beastly Appendage |     1 |     1 |       |     1 ||     3
       Spider Form       |     1 |     2 |       |       ||     3
       Ice Form          |       |       |     1 |       ||     1
       Blade Hands       |       |       |     4 |     6 ||    10
       Sticks to Snakes  |       |       |     1 |       ||     1
 Abil: End Transformatio |       |     1 |     2 |     2 ||     5
  Use: Potion            |     1 |       |       |       ||     1
 Stab: Sleeping          |       |     1 |     4 |     1 ||     6
  Eat: Ration            |       |       |       |     1 ||     1
Armor: Skin              |       |       |     3 |     3 ||     6
Dodge: Dodged            |     8 |     9 |    13 |    32 ||    62
